Map: Abiogenesis LE

Players

fruitcake - Winner!

  • Race: Terran Terran
  • Spawn Location: 11:00

OWNEDbetch

  • Race: Protoss Protoss
  • League: Gold
  • Spawn Location: 5:00

VOD

Have the link to the VOD?

Description

Time

  • Played on: May 11, 2018, 6:16 p.m.
  • Length: 17:48
Show
View Real Time Build Order
Export as new Build Order

fruitcake Terran - Winner!

Build Orders: MMM Bio 

Get SALT Encoding   

  12  0:00  SCV  
  13  0:16  Supply Depot  
  13  0:18  SCV  
  14  0:26  Refinery  
  14  0:30  SCV  
  15  0:47  Barracks  
  15  0:48  SCV  
  16  1:00  SCV  
  17  1:29  Command Center  
  17  1:33  Marine  
  18  1:44  SCV  
  19  1:52  Barracks  
  19  1:53  Marine  
  20  1:56  SCV  
  21  2:06  Supply Depot  
  21  2:17  Marine  
  22  2:23  Engineering Bay  
  22  2:24  SCV  
  23  2:34  Marine  
  23  2:36  SCV  
  24  2:48  SCV, Marine  
  26  2:52  Marine  
  26  2:59  Terran Infantry Weapons Level 1  
  26  3:06  SCV, Marine, Refinery  
  26  3:10  Marine  
  29  3:24  SCV  
  29  3:25  SCV  
  32  3:32  Barracks Reactor  
  32  3:33  Barracks Tech Lab  
  31  3:36  SCV  
  31  3:38  SCV  
  33  3:48  SCV  
  34  3:49  Refinery  
  34  3:50  SCV  
  34  3:53  Stimpack  
  35  3:56  Marine  
  35  4:00  SCV  
  35  4:02  SCV  
  38  4:03  Supply Depot  
  38  4:11  Missile Turret  
  38  4:12  SCV  
  38  4:14  Marine, SCV  
  38  4:15  Missile Turret  
  41  4:20  Marine  
  41  4:21  Marine  
  43  4:24  SCV  
  43  4:26  SCV  
  45  4:35  Refinery  
  45  4:36  SCV  
  45  4:38  Marine, SCV  
  47  4:39  Marine  
  47  4:41  Marauder  
  51  4:48  SCV, Supply Depot  
  52  4:56  Orbital Command  
  52  4:59  Marine  
  53  5:00  Marine  
  53  5:02  Sensor Tower  
  53  5:04  Terran Infantry Armor Level 1  
  54  5:13  Factory  
  54  5:15  SCV  
  54  5:21  Marine x2  
  55  5:23  Marine  
  55  5:27  SCV  
  59  5:39  Marine x2, Supply Depot  
  62  5:45  SCV  
  62  5:46  Orbital Command  
  62  6:00  SCV  
  62  6:03  Supply Depot  
  63  6:05  Marine x2, Marauder  
  63  6:07  Concussive Shells  
  63  6:09  Factory Tech Lab  
  67  6:12  SCV  
  67  6:15  Sensor Tower, Armory  
  68  6:22  Marine  
  68  6:23  Marine  
  68  6:25  SCV  
  71  6:27  Marauder  
  73  6:32  Supply Depot  
  73  6:40  Marine x2  
  75  6:48  Marauder  
  77  6:58  Marine x2  
  77  7:01  Starport  
  79  7:09  Marauder  
  79  7:10  Terran Vehicle Weapons Level 1  
  79  7:12  Siege Tank  
  84  7:16  Marine x2  
  86  7:37  Terran Infantry Weapons Level 2, Starport  
  86  7:38  Supply Depot  
  86  7:40  Supply Depot  
  86  7:42  Marine x2, Supply Depot  
  86  7:43  Marauder, Combat Shields  
  93  7:44  Siege Tank  
  93  7:47  Sensor Tower  
  93  8:00  Marine x2  
  93  8:04  Marine  
  93  8:18  Marine x2  
  95  8:21  Supply Depot  
  95  8:22  Marine  
  95  8:23  Supply Depot  
  99  8:29  Starport Reactor x2  
  99  8:36  Marine x2  
  99  8:40  Marauder  
  103  8:42  Siege Tank  
  103  8:54  Marine x2  
  105  9:01  Marauder  
  107  9:12  Marine x2  
  107  9:14  Siege Tank  
  99  9:22  Marine  
  100  9:29  Marine x2  
  82  9:38  Medivac x3  
  102  9:39  Command Center, Medivac  
  102  9:41  Marauder  
  112  9:46  Siege Tank  
  112  9:47  Marine x2  
  117  10:02  Marauder  
  117  10:05  Marine x2  
  121  10:18  Siege Tank  
  124  10:23  Marine x2, Marauder  
  126  10:37  Supply Depot  
  124  10:45  Marauder  
  126  10:50  Cyclone  
  126  10:54  Marine x2  
  131  11:02  SCV  
  131  11:03  SCV x2  
  134  11:06  Marauder  
  136  11:14  SCV  
  136  11:15  SCV x2  
  139  11:23  Cyclone  
  139  11:24  Terran Infantry Weapons Level 3  
  142  11:26  SCV  
  142  11:27  SCV x2  
  142  11:28  Marauder  
  147  11:34  Marine x2  
  147  11:37  Refinery  
  147  11:38  SCV  
  147  11:39  SCV  
  151  11:40  Supply Depot  
  151  11:49  Marauder  
  151  11:50  SCV  
  151  11:52  Marine x2  
  156  12:00  Command Center  
  156  12:02  Refinery  
  156  12:04  Supply Depot  
  156  12:10  Marine x2, Marauder  
  160  12:21  Terran Vehicle Weapons Level 2  
  160  12:23  Supply Depot  
  160  12:25  Supply Depot, Thor  
  160  12:26  Supply Depot  
  160  12:27  Supply Depot  
  160  12:28  Marine x2, Supply Depot  
  168  12:32  Marauder  
  170  12:41  Medivac  
  172  12:44  Medivac x2  
  172  12:46  Marine x2  
  172  12:48  Supply Depot  
  175  12:53  Marauder  
  126  13:08  Thor  
  120  13:14  Marauder  
  120  13:17  Marine  
  120  13:18  Marine  
  120  13:19  Medivac x2  
  105  13:35  Marine x2  
  105  13:36  Marauder  
  107  13:49  Medivac x2  
  107  13:51  Thor  
  107  13:53  Marine x2, Orbital Command  
  119  13:56  Orbital Command  
  119  13:57  SCV, Marauder  
  119  13:58  SCV  
  119  14:01  Terran Infantry Armor Level 2  
  123  14:09  Armory  
  124  14:10  SCV x2  
  124  14:11  Marine x2  
  127  14:19  Marauder  
  127  14:20  SCV  
  127  14:22  SCV x2  
  127  14:23  Liberator x2  
  132  14:26  Refinery  
  132  14:29  Marine x2  
  132  14:30  Refinery  
  134  14:33  SCV  
  134  14:34  Thor  
  134  14:36  Sensor Tower, SCV x2  
  134  14:37  Terran Vehicle And Ship Armor Level 1  
  143  14:40  Marauder  
  151  14:46  Marine  
  151  14:47  Marine  
  153  15:01  Marauder  
  153  15:03  SCV  
  153  15:04  Marine x2  
  158  15:15  SCV  
  158  15:16  Thor  
  163  15:22  Marine x2  
  163  15:23  Marauder  
  163  15:27  SCV  
  145  15:39  Medivac x4  
  145  15:40  Marine x2  
  155  15:44  Marauder  
  157  15:58  Marine x2  
  157  15:59  Thor  
  165  16:06  Marauder  
  165  16:09  Medivac  
  169  16:16  Marine x2  
  171  16:20  SCV x3  
  171  16:21  SCV  
  175  16:27  Marauder  
  175  16:31  Command Center  
  177  16:33  Marine x2  
  177  16:34  Viking x3  
  177  16:39  Viking  
  187  16:41  Command Center  
  187  16:42  Thor  
  193  16:48  Marauder  
  193  16:51  Marine x2  
  197  17:09  Marine x2  
  189  17:27  Marine x2  
Show
View Real Time Build Order
Export as new Build Order

OWNEDbetch Protoss 

Build Orders: 1 Gate Expand, Double Forge 

Get SALT Encoding   

  12  0:01  Probe  
  13  0:13  Probe  
  14  0:19  Pylon  
  14  0:26  Probe  
  15  0:37  Probe  
  15  0:40  Gateway  
  16  0:45  Probe  
  17  0:52  Assimilator  
  17  0:55  Probe  
  18  1:07  Probe  
  19  1:26  Probe  
  19  1:30  Nexus  
  20  1:34  Zealot  
  20  1:39  Probe  
  23  1:53  Pylon  
  23  2:11  Zealot, Probe  
  26  2:18  Forge  
  26  2:24  Gateway, Probe  
  27  2:35  Cybernetics Core  
  27  2:36  Gateway  
  27  2:42  Assimilator  
  25  2:59  Probe  
  25  3:03  Probe  
  27  3:12  Stalker, Probe  
  30  3:15  Probe  
  30  3:16  Warp Gate  
  31  3:21  Shield Battery  
  31  3:23  Shield Battery  
  31  3:24  Probe  
  31  3:27  Probe  
  32  3:36  Probe  
  32  3:39  Probe  
  34  3:45  Adept  
  34  3:48  Probe  
  37  3:51  Probe  
  38  3:58  Pylon  
  38  4:00  Probe  
  38  4:01  Stalker  
  41  4:03  Probe  
  42  4:15  Assimilator  
  42  4:16  Probe  
  43  4:18  Probe  
  43  4:20  Assimilator  
  43  4:21  Stalker x2  
  44  4:28  Forge, Probe  
  44  4:30  Probe  
  48  4:45  Stalker  
  48  4:55  Adept  
  48  4:57  Stalker  
  54  5:07  Photon Cannon  
  54  5:09  Photon Cannon  
  54  5:12  Photon Cannon  
  54  5:27  Pylon  
  54  5:29  Photon Cannon  
  54  5:37  Pylon  
  54  5:40  Pylon  
  54  5:45  Pylon, Probe x2  
  56  5:57  Probe x2  
  58  6:07  Robotics Facility  
  58  6:09  Stargate, Probe x2  
  58  6:11  Gateway  
  60  6:14  Gateway  
  60  6:15  Gateway  
  60  6:21  Probe x2  
  60  6:24  Adept  
  64  6:26  Adept  
  64  6:28  Nexus  
  66  6:33  Probe  
  67  6:51  Immortal  
  67  6:56  Stalker x3  
  77  7:17  Pylon  
  77  7:18  Pylon  
  77  7:19  Probe  
  77  7:20  Stalker  
  77  7:21  Stalker x2  
  77  7:22  Zealot  
  86  7:29  Twilight Council  
  86  7:35  Probe x2, Immortal  
  92  7:47  Probe  
  93  7:56  Stalker x2  
  93  7:57  Stalker x3  
  93  7:58  Stalker  
  99  7:59  Void Ray  
  101  8:14  Immortal  
  105  8:21  Probe  
  106  8:27  Probe  
  106  8:33  Probe  
  108  8:35  Robotics Bay  
  108  8:42  Sentry x3  
  108  8:43  Sentry  
  108  8:45  Probe  
  117  8:54  Oracle  
  116  8:55  Pylon  
  116  8:57  Pylon  
  116  9:01  Pylon  
  116  9:14  Immortal  
  118  9:27  Shield Battery  
  118  9:29  Shield Battery  
  118  9:31  Photon Cannon  
  118  9:33  Photon Cannon, Probe  
  118  9:35  Photon Cannon  
  118  9:36  Photon Cannon  
  118  9:38  Photon Cannon  
  119  9:41  Probe  
  119  9:42  Pylon  
  119  9:44  Pylon  
  120  9:45  Probe  
  121  9:53  Probe  
  121  9:57  Probe  
  123  10:06  Colossus, Stalker x3  
  123  10:07  Stalker  
  135  10:19  Extended Thermal Lance  
  135  10:22  Robotics Facility  
  135  10:23  Zealot x2  
  135  10:24  Robotics Facility  
  135  10:25  Probe  
  136  10:45  Stalker  
  136  10:46  Zealot x3  
  136  10:47  Zealot x2  
  148  10:50  Charge  
  148  10:59  Colossus  
  154  11:17  Pylon  
  154  11:20  Pylon  
  154  11:22  Pylon  
  154  11:29  Assimilator  
  154  11:30  Disruptor  
  154  11:31  Templar Archives  
  154  11:32  Protoss Ground Weapons Level 1  
  157  11:34  Colossus, Assimilator  
  163  11:52  Disruptor  
  166  12:06  Immortal  
  170  12:11  Probe  
  171  12:28  Disruptor  
  171  12:29  Observer  
  127  13:00  Stalker x3  
  127  13:01  Stalker x2  
  83  13:25  Stalker  
  83  13:26  Stalker x3, Protoss Ground Armor Level 1  
  81  13:27  Stalker x2  
  79  13:45  Psionic Storm  
  79  13:55  Nexus  
  79  14:00  High Templar  
  79  14:02  Stargate  
  81  14:03  Stargate  
  81  14:05  Assimilator, Stargate  
  81  14:10  Assimilator  
  81  14:16  Pylon  
  81  14:18  Pylon  
  81  14:21  Pylon  
  81  14:22  Probe  
  81  14:23  Pylon  
  82  14:25  Nexus  
  82  14:28  Pylon  
  82  14:29  High Templar, Pylon  
  82  14:30  High Templar x2  
  88  14:46  Void Ray  
  92  14:53  Fleet Beacon  
  92  15:08  Photon Cannon  
  92  15:09  Photon Cannon  
  92  15:11  Photon Cannon  
  92  15:14  Photon Cannon  
  92  15:17  Probe  
  92  15:18  Shield Battery  
  92  15:20  Shield Battery, Protoss Shields Level 1  
  87  15:21  High Templar x3  
  87  15:23  Shield Battery  
  87  15:25  Shield Battery  
  89  15:29  Probe  
  89  15:31  Stalker x2  
  89  15:32  Stalker  
  82  15:40  Void Ray  
  86  15:51  Gateway  
  86  15:53  Gateway  
  86  15:54  Gateway x2  
  86  15:55  Gateway  
  86  15:58  High Templar  
  86  15:59  High Templar  
  90  16:08  Probe  
  91  16:20  Probe  
  91  16:21  Assimilator  
  91  16:24  Assimilator  
  92  16:32  Probe  
  93  16:36  High Templar  
  93  16:37  High Templar x2  
  93  16:38  Stalker  
  93  16:39  Stalker  
  103  16:49  Probe  
  104  16:55  High Templar  
  104  17:01  Probe  
  109  17:15  Stalker x5  
  102  17:22  Probe  
  84  17:34  Probe  
  84  17:35  Stalker x4  
  92  17:38  Zealot x4  
  92  17:39  Zealot x3  
Tags
 
Add a new tag
Caveats
  • Supply blocks, unpowered buildings, or Contaminate may cause inaccurate times.
  • Supply counts are checked every 10 seconds.